 Dungeon Crawl Stone Soup version 0.28.0-1-gb440e238dd (webtiles) character file.

Game seed: 3224731114211111802

145 sizableburger the Poker (level 5, -3/28 (42) HPs)
             Began as a Human Gladiator on Feb 20, 2022.
             Slain by an orc wizard (4 damage)
             ... on level 3 of the Dungeon on Feb 24, 2022.
             The game lasted 00:06:42 (3969 turns).

sizableburger the Poker (Human Gladiator)           Turns: 3969, Time: 00:06:43

HP:   -3/28 (42)    AC:  6    Str: 16    XL:     5   Next: 53%
MP:   14/14         EV: 11    Int:  8    God:
Gold: 173           SH:  0    Dex: 15    Spells: 4/4 levels left

rFire   . . .      SeeInvis .   a - +1 trident
rCold   . . .      Faith    .   (no shield)
rNeg    . . .      Spirit   .   j - +0 ring mail
rPois   .          Reflect  +   c - +0 helmet
rElec   .          Harm     .   (no cloak)
rCorr   .          Rampage  .   (no gloves)
Will    .....                   (no boots)
Stlth   ..........              b - amulet of reflection
HPRegen 0.09/turn               f - ring of magical power
MPRegen 0.14/turn               (no ring)

@: confused, very heavily drained
A: no striking features
a: no special abilities


You were on level 3 of the Dungeon.
You visited 1 branch of the dungeon, and saw 4 of its levels.

You collected 173 gold pieces.

Inventory:

Hand Weapons
 a - a +1 trident (weapon)
Missiles
 d - a throwing net (quivered)
Armour
 c - a +0 helmet (worn)
 j - a +0 ring mail (worn)
Jewellery
 b - an amulet of reflection (around neck)
 f - a ring of magical power (left hand)
 h - an amulet of faith


   Skills:
 + Level 3.9 Fighting
 + Level 4.5 Polearms
 - Level 2.0 Throwing
 - Level 3.0 Dodging


You had 4 spell levels left.
You didn't know any spells.
Your spell library was empty.

Dungeon Overview and Level Annotations

Branches:
Dungeon (4/15)
 Temple: D:4-7

Altars:

Shops:
D:1 (


Message History

Throw: 2 throwing nets
Press: ? - help, Q - select action Shift-Dir - straight line, f - orc wizard
Aim: an orc wizard, wielding a +0 dagger of draining and wearing a +0 robe (53% to hit)
You throw a throwing net.
The throwing net closely misses the orc wizard.
The orc wizard mumbles some strange words.
The orc wizard flickers and vanishes!
Deactivating autopickup; reactivate with Ctrl-A.
Throw: throwing net
Press: ? - help, Q - select action Shift-Dir - straight line, f - you
Okay, then.
You hear some strange, mumbled words.
Something tries to affect you, but you resist.
There is an open door here.
You close the door.
You hear some strange, mumbled words.
Something tries to affect you, but you resist.
A magic dart appears from out of thin air!
The magic dart hits you.
* * * LOW HITPOINT WARNING * * *
You hear some strange, mumbled words.
Something tries to affect you, but you resist.
You see here 13 bolts.
Something hits you but does no damage.
You feel drained.
You hear some strange, mumbled words.
A puff of flame appears from out of thin air!
The puff of flame hits you.
* * * LOW HITPOINT WARNING * * *
Something hits you but does no damage.
You feel drained.
You puncture something!
You hear some strange, mumbled words.
You are confused.
You miss something. Something hits you but does no damage.
You feel drained.
You barely miss something. Something hits you.
* * * LOW HITPOINT WARNING * * *
You feel drained.
You closely miss something. Something hits you but does no damage.
You feel drained. Something hits you.
You die...

##.##...##.##....##############..
#...#...##.......# #..
.._..............# ###..
#...#.......#....# ####....
##.##.......+....# #.......
............#....# #.......
.#.##########....# #....... ...#
#######....# #....... .###
#.........@# #......# ##
#..........# ########
#....).....# #..........#
#..........# ##### #..........#
#.... #.......(..# #....
#..........# #.... #..........#
#....


There were no monsters in sight!

Vanquished Creatures
  Natasha (twice) (D:2)
  3 adders (D:3)
  An orc (D:4)
  4 ball pythons
  5 endoplasms
  4 giant cockroaches
  5 hobgoblins
  3 jackals (D:2)
  3 quokkas
  4 bats
  A frilled lizard (D:2)
  10 goblins
  2 kobolds
  7 rats
54 creatures vanquished.

Vanquished Creatures (others)
  Natasha (D:2)
1 creature vanquished.

Grand Total: 55 creatures vanquished

Notes
Turn   | Place    | Note
-------+----------+-------------------------------------------
     0 | D:1      | sizableburger the Human Gladiator began the quest for the
                  | Orb.
     0 | D:1      | Reached XP level 1. HP: 16/16 MP: 1/1
    31 | D:1      | Found Icozull's Antique Weapon Boutique.
   207 | D:1      | Reached XP level 2. HP: 6/22 MP: 2/2
  1130 | D:2      | Reached XP level 3. HP: 25/28 MP: 3/3
  1356 | D:2      | Noticed Natasha
  1373 | D:2      | Killed Natasha
  1710 | D:2      | Noticed Natasha
  1719 | D:2      | Killed Natasha
  1720 | D:2      | Reached skill level 4 in Polearms
  1720 | D:2      | Reached XP level 4. HP: 26/35 MP: 4/4
  2162 | D:2      | Noticed Natasha
  2174 | D:2      | Killed Natasha
  2855 | D:3      | Reached XP level 5. HP: 41/41 MP: 5/5
  3492 | D:3      | Found a faded altar of an unknown god.
  3817 | D:4      | Noticed a necrophage
  3967 | D:3      | HP: 1/30 [something (3)]
  3969 | D:3      | Slain by an orc wizard

Illustrated notes

Levels and vault maps discovered:
D:1:      psy_arrival_fountain, layout_rooms, serial_shops,
          nicolae_shop_window_shopping
D:2:      layout_basic, hangedman_decor_growths, roderic_lattice_a, uniq_natasha
D:3:      layout_basic, ebering_ecumenical_altar_box,
          minmay_misc_feat_four_crosses
D:4:      layout_gridville, gammafunk_ghost_stat_death, guppyfry_early_lair_pool

Skill      XL: |  1  2  3 |
---------------+----------+-----
Fighting       | 3 |  3.9
Polearms       | 4 |  4.5
Throwing       | |  2.0
Dodging        | |  3.0

Action                   |  1- 3 |  4- 6 || total
-------------------------+-------+-------++-------
Melee: Trident           |   101 |    92 ||   193
       Punch             |     1 |     2 ||     3
Throw: Throwing net      |     3 |     1 ||     4
  Use: Scroll            |       |     7 ||     7
       Potion            |       |     1 ||     1
 Stab: Sleeping          |     2 |       ||     2
Armor: Leather armour    |    15 |       ||    15
       Ring mail         |     7 |    41 ||    48
Dodge: Dodged            |    44 |    41 ||    85
Block: Other             |       |    15 ||    15
       Reflection        |       |     1 ||     1
